 Dungeon Crawl Stone Soup version 0.31.0-11-ge490571c62 (webtiles) character file.

Game seed: 13157686249838182785

30 Sobieck the Shooter (level 3, 31/31 HPs)
             Began as a Hill Orc Hunter on Jan 29, 2024.
             Got out of the dungeon alive.
             The game lasted 00:01:50 (893 turns).

Sobieck the Shooter (Hill Orc Hunter)                Turns: 893, Time: 00:01:50

Health: 31/31      AC:  3    Str: 13    XL:     3   Next: 18%
Magic:  3/3        EV: 12    Int:  9    God:
Gold:   78         SH:  0    Dex: 16    Spells: 2/2 levels left

rFire   . . .        a - +0 shortbow
rCold   . . .        (shield currently unavailable)
rNeg    . . .        c - +0 leather armour
rPois   .            (no helmet)
rElec   .            (no cloak)
rCorr   .            (no gloves)
SInv    .            (no boots)
Will    .....        (no amulet)
Stlth   +            (no ring)
HPRegen 0.25/turn    (no ring)
MPRegen 0.08/turn

%: no passive effects
@: no status effects
A: no striking features
a: no special abilities


You escaped.
You visited 1 branch of the dungeon, and saw 2 of its levels.

You collected 132 gold pieces.
You spent 54 gold pieces at shops.

Inventory:

Hand Weapons
 a - a +0 shortbow (weapon)
Armour
 c - a +0 leather armour (worn)
Jewellery
 k - a ring of ice
 o - a ring of poison resistance
Scrolls
 b - a scroll of butterflies
 e - 3 scrolls of identify {unknown}
 f - a scroll of teleportation {unknown}
 g - a scroll of noise {unknown}
 l - a scroll of enchant weapon {unknown}
 m - a scroll of enchant armour {unknown}
Potions
 d - a potion of resistance {unknown}
 h - 2 potions of lignification {unknown}
 i - a potion of curing {unknown}
 j - a potion of heal wounds {unknown}


   Skills:
 * Level 3.2 Fighting
 * Level 4.0 Ranged Weapons
 + Level 2.0 Dodging
 - Level 0.7 Stealth


You had 2 spell levels left.
You didn't know any spells.
Your spell library contained the following spells:

 Spells                   Type           Power      Damage    Failure   Level
 Shock                    Conj/Air       0%         1d3       45%         1
 Petrify                  Alch/Erth      0%         N/A       99%         4
 Eringya's Noxious Bog    Alch           0%         4d6       100%        6


Dungeon Overview and Level Annotations

Branches:
Dungeon (2/15)

Altars:

Shops:
D:1 *


Message History

No target in view!
No target in view!
There is an open door here.
You now have 78 gold pieces (gained 9).
You open the door.
There is an open door here.
m - a scroll labelled DOWIXZ IZUN You open the door.
A kobold and a rat come into view.
The kobold shouts!
The rat squeaks loudly.
The kobold throws a stone.
The stone barely misses you.
You hear an angry hiss.
Found an escape hatch in the floor.
There are monsters nearby!
You shoot an arrow. The arrow completely misses the rat.
The rat completely misses you.
A frilled lizard comes into view.
You shoot an arrow. The arrow barely misses the rat.
The arrow hits the kobold.
You kill the kobold!
The rat barely misses you.
You shoot an arrow. The arrow hits the rat!
You kill the rat!
Your Dodging skill increases to level 2!
You shoot an arrow.
The arrow barely misses the frilled lizard.
You shoot an arrow. The arrow hits the frilled lizard.
You kill the frilled lizard!
No target in view!
No target in view!
No target in view!
An endoplasm comes into view.
Found 9 gold pieces.
There is an open door here.
An endoplasm is nearby!
An endoplasm is nearby!
You shoot an arrow. The arrow hits the endoplasm.
The endoplasm is almost dead.
You shoot an arrow. The arrow hits the endoplasm.
You kill the endoplasm!
No target in view!
There is a stone staircase leading up here.
You climb upwards.
There is a stone staircase leading down here.
You see here a +0 mace.
You enter the shallow water.
Moving in this stuff is going to be slow.
You enter the shallow water.
Moving in this stuff is going to be slow.
There is a staircase leading out of the dungeon here.
You have escaped!

##.............#######.##
##########....# #.#
#..##.# #.# ######.######
#.# #≈≈≈≈♣~♣≈≈≈≈# #.#
#≈.P.....P.≈######.#
#≈PPP...PPP≈######.###
###♣.P.....P.♣###∩##...#
#..~....@....~..##'#.#.##
#.#♣.♣.....P.♣##....#...#
#.#≈♣♣♣...PPP≈#######~~≈≈
#.#≈.♣)....P.≈# ##...#
#.#≈...♣.♣...≈# #.####
#.#≈≈≈≈♣.♣≈≈≈≈######.####
#.######.######..........
#...# #......######.....
##..# ###.....#########.


There were no monsters in sight!

Vanquished Creatures
  4 bats
  4 endoplasms
  A giant cockroach (D:1)
  3 hobgoblins
  4 jackals (D:1)
  3 kobolds
  3 ball pythons
  A frilled lizard (D:2)
  A rat (D:2)
24 creatures vanquished.

Notes
Turn   | Place    | Note
-------+----------+-------------------------------------------
     0 | D:1      | Sobieck the Hill Orc Hunter began the quest for the Orb.
     0 | D:1      | Reached XP level 1. HP: 18/18 MP: 1/1
    87 | D:1      | Got the Octavo of Turbulent Chemistry
   153 | D:1      | Reached XP level 2. HP: 25/25 MP: 2/2
   332 | D:1      | Reached skill level 3 in Fighting
   572 | D:1      | Found Jonoogou's Assorted Antiques.
   576 | D:1      | Bought a pink potion for 18 gold pieces
   576 | D:1      | Bought a yellow potion for 18 gold pieces
   576 | D:1      | Bought a golden potion for 18 gold pieces
   715 | D:2      | Reached XP level 3. HP: 23/31 MP: 3/3
   722 | D:2      | Reached skill level 4 in Ranged Weapons
   893 | D:$      | Got out of the dungeon alive.

Illustrated notes

Levels and vault maps discovered:
D:1:      ldierk_walled_garden, layout_loops_ring, serial_shops,
          nicolae_shop_tiny_glass, serial_rivers,
          chequers_serial_rivers_micro_e, chequers_serial_rivers_marsh,
          chequers_serial_rivers_room_a, chequers_serial_rivers_micro_b,
          chequers_serial_rivers_micro_a
D:2:      layout_loops_corners

Skill      XL: |  1  2  3 |
---------------+----------+-----
Fighting       | 3 |  3.2
Ranged Weapons | 4 |  4.0
Dodging        | 2 |  2.0
Stealth        | |  0.7

Action                     || total
---------------------------++-------
   Fire: Shortbow          ||    80
 Armour: Leather armour    ||    38
  Dodge: Dodged            ||    47
